 Dungeon Crawl Stone Soup version 0.29.1-1-gd02db6906a (webtiles) character file.

Game seed: 18161340376321259449

29 dave1331 the Chopper (level 3, -4/35 HPs)
             Began as a Gnoll Cinder Acolyte on Oct 2, 2022.
             Was a High Priest of Ignis.
             Slain by a gnoll
             ... wielding a +1 whip of electrocution
              (10 damage)
             ... on level 2 of the Dungeon.
             The game lasted 00:03:14 (1677 turns).

dave1331 the Chopper (Gnoll Cinder Acolyte)         Turns: 1677, Time: 00:03:14

Health: -4/35      AC:  2    Str: 13    XL:     3   Next: 16%
Magic:  7/7        EV: 11    Int: 15    God:    Ignis [*****.]
Gold:   26         SH:  0    Dex:  7    Spells: 7/7 levels left

rFire   + . .      SeeInvis .   a - +0 hand axe (flame)
rCold   . . .      Faith    .   (no shield)
rNeg    . . .      Spirit   .   b - +0 robe
rPois   .          Reflect  .   (no helmet)
rElec   .          Harm     .   (no cloak)
rCorr   .          Rampage  .   (no gloves)
Will    .....                   (no boots)
Stlth   +.........              (no amulet)
HPRegen 0.11/turn               (no ring)
MPRegen 0.10/turn               (no ring)

@: no status effects
A: fangs 1, strong nose, distributed training
a: Renounce Religion, Fiery Armour, Foxfire Swarm, Rising Flame


You were on level 2 of the Dungeon.
You worshipped Ignis.
Ignis was extremely pleased with you.
You visited 1 branch of the dungeon, and saw 2 of its levels.

You collected 26 gold pieces.

Inventory:

Hand Weapons
 a - a +0 hand axe of flaming (weapon)
Armour
 b - a +0 robe (worn)
Scrolls
 c - a scroll of vulnerability {unknown}
 d - a scroll of teleportation {unknown}
 e - a scroll of acquirement {unknown}
 f - a scroll of fear {unknown}


   Skills:
 + Level 6.5 Fighting
 + Level 0.7 Short Blades
 + Level 0.7 Long Blades
 + Level 6.5 Axes
 + Level 0.7 Maces & Flails
 + Level 0.7 Polearms
 + Level 0.7 Staves
 + Level 0.7 Ranged Weapons
 + Level 0.7 Throwing
 + Level 0.7 Armour
 + Level 0.7 Dodging
 + Level 0.7 Stealth
 + Level 0.7 Shields
 + Level 0.7 Unarmed Combat
 + Level 2.8 Spellcasting
 + Level 0.5 Conjurations
 + Level 0.5 Hexes
 + Level 0.5 Summonings
 + Level 0.5 Necromancy
 + Level 0.5 Translocations
 + Level 0.5 Transmutations
 + Level 5.4 Fire Magic
 + Level 0.5 Ice Magic
 + Level 0.5 Air Magic
 + Level 0.5 Earth Magic
 + Level 0.5 Poison Magic
 + Level 0.9 Invocations
 + Level 0.7 Evocations


You had 7 spell levels left.
You didn't know any spells.
Your spell library contained the following spells:

 Spells                   Type           Power      Damage    Failure   Level
 Scorch                   Fire           36%        2d7       3%          2


Dungeon Overview and Level Annotations

Branches:
Dungeon (2/15)

Altars:


Innate Abilities, Weirdness & Mutations

You have very sharp teeth.
Your uncanny sense of smell can sniff out nearby items.
Your experience applies equally to all skills.


Message History

You climb downwards.
There is a stone staircase leading up here.
A gnoll comes into view. It is wielding a +0 flail.
A gnoll comes into view. It is wielding a +0 club.
A gnoll comes into view. It is wielding a +0 halberd.
The gnoll shouts!
A gnoll comes into view.
It is wielding a +1 whip of electrocution.
You barely miss the gnoll.
The gnoll shouts!
You bite the gnoll, but do no damage. You hit the gnoll. You burn the gnoll.
Your bite misses the gnoll.
The gnoll is heavily wounded.
The gnoll closely misses you.
You barely miss the gnoll.
The gnoll is heavily wounded.
The gnoll hits you with a +0 flail.
You barely miss the gnoll.
The gnoll is heavily wounded.
The gnoll shouts!
The gnoll misses you. x2
The gnoll closely misses you.
You hit the gnoll but do no damage. You barely miss the gnoll.
The gnoll hits you with a +0 halberd. The gnoll closely misses you.
You hit the gnoll. You burn the gnoll.
The gnoll is heavily wounded.
You completely miss the gnoll. The gnoll hits you with a +0 halberd!
The gnoll hits you with a +0 flail.
You barely miss the gnoll.
The gnoll is heavily wounded.
You hit the gnoll but do no damage. The gnoll barely misses you.
The gnoll hits you but does no damage.
You hit the gnoll. You burn the gnoll.
You kill the gnoll!
You hit the gnoll. You burn the gnoll. You hit the gnoll. You burn the gnoll.
You hit the gnoll. You burn the gnoll. The gnoll barely misses you.
The gnoll closely misses you.
The gnoll hits you with a +1 whip of electrocution!
* * * LOW HITPOINT WARNING * * *
You are electrocuted!
You die...

#.# #.....< #.#
##.###.# ######.#
##..# #.#
#......###...###.#
#.#...........##.#
#.#.#..........#.#
##.#.#..##......#.#
#..#.#..##..#...#.#
#g@)......##....#
#..gg.......# ......
#...##....##..##.....
...... #.#..# ..#
..### ....... .#.....
... ..#....## ##....
.. ...##.. ...## ..
#.. .#..


You could see 3 gnolls.

Vanquished Creatures
  A gnoll (D:2)
  2 endoplasms (D:1)
  2 giant cockroaches (D:1)
  A goblin (D:1)
  3 hobgoblins (D:1)
  2 jackals (D:1)
  2 kobolds (D:1)
  2 quokkas (D:1)
  3 ball pythons (D:1)
  4 bats (D:1)
  5 rats (D:1)
27 creatures vanquished.

Notes
Turn   | Place    | Note
-------+----------+-------------------------------------------
     0 | D:1      | dave1331 the Gnoll Cinder Acolyte began the quest for the
                  | Orb.
     0 | D:1      | Reached XP level 1. HP: 23/23 MP: 4/4
   301 | D:1      | Reached XP level 2. HP: 26/29 MP: 5/5
   982 | D:1      | Reached XP level 3. HP: 28/35 MP: 7/7
  1117 | D:1      | Found a faded altar of an unknown god.
  1677 | D:2      | Slain by a gnoll

Illustrated notes

Levels and vault maps discovered:
D:1:      lightli_arrival_maybe_door_vault, layout_rooms,
          chequers_ecumenical_altar_island, minmay_box_of_dots
D:2:      layout_basic, serial_corexii_hall, corexii_hall_statues_i,
          chequers_hall_statues_y, basic_altar, reono_crystal_passage,
          hex_medium, hangedman_decor_growths

Action                   || total
-------------------------++-------
Melee: Hand axe          ||    71
       Bite              ||     3
       Punch             ||     1
  Use: Scroll            ||     1
Armor: Robe              ||    25
Dodge: Dodged            ||    69
